 Dungeon Crawl Stone Soup version 0.17-a0-1403-g9df874c (webtiles) character file.

261 Kr0n0s the Shield-Bearer (level 6, 0/48 HPs)
             Began as a Human Fighter on June 21, 2015.
             Slain by an ogre
             ... wielding a +0 giant club
              (14 damage)
             ... on level 4 of the Dungeon.
             The game lasted 00:45:34 (4534 turns).

Kr0n0s the Shield-Bearer (Human Fighter)            Turns: 4534, Time: 00:45:34

Health: 0/48       AC: 13    Str: 19    XL:     6   Next: 41%
Magic:  6/6        EV:  4    Int:  8    God:
Gold:   101        SH:  9    Dex: 12    Spells: 0 memorised, 5 levels left

rFire  . . .     SeeInvis .     a - +0 war axe
rCold  . . .     Clarity  .     z - +0 plate armour
rNeg   . . .     SustAt   .     c - +0 shield
rPois  .         Gourm    .     F - +0 helmet
rElec  .         Spirit   .     (no cloak)
rCorr  .         Warding  .     (no gloves)
rMut   .         Stasis   .     (no boots)
MR     ++...                    (no amulet)
Stlth  ..........               l - ring of protection from magic (curse)
                                j - ring of protection from magic

@: very resistant to hostile enchantments, extremely unstealthy
A: no striking features
a: no special abilities


You were on level 4 of the Dungeon.
You were not hungry.

You visited 1 branch of the dungeon, and saw 4 of its levels.

You collected 101 gold pieces.

Inventory:

Hand weapons
 a - a +0 war axe (weapon)
 e - a +0 spear
 f - a +0 dagger
 i - a +0 club
 y - a +0 club
 C - a cursed +0 whip
 E - a +0 flail
 H - a +0 hand axe
 K - a +1 halberd of chopping
 Q - a +0 great sword (quivered)
Missiles
 s - 47 bolts
Armour
 b - a +0 scale mail
 c - a +0 shield (worn)
 g - a +0 robe
 k - a +0 scale mail
 o - a +0 leather armour
 w - a +0 ring mail
 x - a +0 chain mail
 z - a +0 plate armour (worn)
 F - a +0 helmet (worn)
 R - a +0 buckler
Jewellery
 j - a ring of protection from magic (left hand)
 l - a cursed ring of protection from magic (right hand)
 n - a +3 ring of slaying {unknown}
 q - an uncursed ring of protection from magic
 L - a cursed amulet of inaccuracy {unknown}
 M - a cursed -2 ring of protection {unknown}
Magical devices
 I - a wand of disintegration (9)
Scrolls
 h - 5 scrolls of identify {unknown}
 m - 2 scrolls of teleportation {unknown}
 t - a scroll of blinking {unknown}
 u - 2 scrolls of remove curse {unknown}
 v - 2 scrolls of immolation {unknown}
 B - a scroll of amnesia {unknown}
 G - a scroll of noise {unknown}
 J - a scroll of fear {unknown}
 N - a scroll of random uselessness {unknown}
Potions
 d - a potion of might
 p - a potion of resistance {unknown}
 r - a potion of heal wounds {unknown}
 D - a potion of invisibility {unknown}
Comestibles
 A - a royal jelly
 O - a meat ration


   Skills:
 + Level 3.8 Fighting
 + Level 2.6 Axes
 + Level 4.1 Armour
 + Level 2.3 Dodging
 + Level 0.9 Stealth
 + Level 4.2 Shields


You had 5 spell levels left.
You didn't know any spells.

Dungeon Overview and Level Annotations

Branches:
Dungeon (4/15)
 Temple: D:4-7

Altars:
Ashenzari
Kikubaaqudgha
Makhleb
Okawaru
Ru


Message History

You don't know any spells.
Unknown command.
You don't know any spells.
You don't know any spells.
You don't know any spells.
You don't know any spells.
Unknown command.
Quiver which item? (- for none, * to show all) (? for menu, Esc to quit)
Quivering
Q - a great sword for throwing.
Unknown command.
You can't wield that with a shield.
An ogre comes into view. It is wielding a giant club.
The ogre shouts!
You block the ogre's attack.
Your plate armour prevents you from hitting the ogre.
The ogre hits you but does no damage.
You slash the ogre!
The ogre is heavily wounded.
The ogre hits you with a giant club!
You die...

############
#...O@.....#
##########.########.#
# #.......##.# #.# ##
# #.#####.##.#
#####.######.## # #.#
##...#.#
#.......†...#.# #
#.###..O...#
#.########.#.####
#.#......### #.......
###.#.....###
#†.#####
#...........# #..# #


You could see an ogre.

Vanquished Creatures
  An iguana (D:4)
  8 adders
  4 gnolls (D:3)
  5 oozes
  3 worms
  3 giant geckos
  2 orcs (D:3)
  4 giant cockroaches
  11 hobgoblins
  13 jackals
  9 kobolds
  2 ball pythons
  8 bats
  A giant gecko skeleton (D:4)
  4 giant newts
  7 goblins
  5 rats
  9 plants (D:3)
99 creatures vanquished.

Notes
Turn   | Place    | Note
--------------------------------------------------------------
     0 | D:1      | Kr0n0s the Human Fighter began the quest for the Orb.
     0 | D:1      | Reached XP level 1. HP: 18/18 MP: 1/1
   183 | D:1      | Reached XP level 2. HP: 20/24 MP: 2/2
   755 | D:1      | Reached skill level 1 in Dodging
   755 | D:1      | Reached XP level 3. HP: 21/29 MP: 3/3
  1530 | D:2      | Found an iron altar of Okawaru.
  1654 | D:2      | Reached XP level 4. HP: 21/35 MP: 4/4
  1820 | D:2      | Found a faded altar to an unknown god.
  2349 | D:3      | Found a burning altar of Makhleb.
  2442 | D:3      | Reached XP level 5. HP: 41/41 MP: 5/5
  2695 | D:3      | Found an ancient bone altar of Kikubaaqudgha.
  2749 | D:3      | Found a sacrificial altar of Ru.
  3129 | D:3      | Reached skill level 4 in Shields
  3593 | D:3      | Reached XP level 6. HP: 36/47 MP: 6/6
  4340 | D:4      | Found a shattered altar of Ashenzari.
  4534 | D:4      | Slain by an ogre

Vault maps used:
D:1:      dpeg_arrival_connections, corexii_leaking_fountain,
          wad_floor_pattern_2
D:2:      okawaru_gym_becter, ecumenical_altar_2, uniq_crazy_yiuf_cottage
D:3:      lemuel_doored_altar, nicolae_ru_the_path_less_chosen,
          lemuel_crystal_altar, st_stairs_11, kennysheep_small_spiral,
          nrook_mini_vaults, minmay_box_of_dots
D:4:      gammafunk_temple_overflow_forgotten, lemuel_crystal_altar,
          overflow_temple_1_default

Action                   |  1- 3 |  4- 6 || total
-------------------------+-------+-------++-------
Melee: War axe           |    92 |   397 ||   489
  Eat: Bread ration      |     1 |     2 ||     3
